AoeStats
← AiM | CyclopsTron

Hideout

503530490Analyzed
4v4 RM · 1mo ago on Sep 1, 2026· 41m 50s· 8 players
Game mode
Random Map
Map size
Large (8 player)
Population
200
Speed
Normal
Resources
Standard
Victory
Conquest
Starting age
Dark Age
Ending age
Imperial Age
RankedLock teamsTeams togetherTeam positionsShared explorationLock speedFull tech treeHidden civsTurbo modeCheats
Victory
Defeat
🇦🇷 Slavs · Argentina
1452
+16
🇹🇼 Wei · Taiwan
1427
+17
🇹🇼 Poles · Taiwan
1370
+19
🇹🇼 Khmer · Taiwan
1356
+20
🇲🇽 Cumans · Mexico
1616
-25
🇦🇷 Hindustanis · Argentina
1548
-22
🇨🇱 Mongols · Chile
1503
-21
🇲🇽 Italians · Mexico
1105
-14
BaiKai AOE
8:04 Loom
10:04 Feudal Age
14:04 Castle Age
12:08 Double-Bit Axe
13:17 Gold Mining
13:20 Fletching
15:29 Horse Collar
16:26 Bow Saw
21:18 Bodkin Arrow
26:01 Gold Shaft Mining
25:18 Stone Mining
26:49 Wheelbarrow
28:26 Bloodlines
28:17 Husbandry
28:49 Ballistics
29:57 Heavy Plow
31:14 Thumb Ring
36:07 Imperial Age
33:25 Elite Skirmisher
33:46 Light Cavalry
36:51 Bracer
37:21 Padded Archer Armor
37:47 Parthian Tactics
39:13 Chemistry
39:55 Leather Archer Armor
39:45 Scale Barding Armor
39:51 Forging
41:33 Conscription
41:55 Tuntian
WalterWhite
7:27 Loom
10:37 Feudal Age
10:46 Man-at-Arms
12:40 Town Watch
14:01 Double-Bit Axe
13:56 Horse Collar
19:34 Castle Age
19:35 Forging
19:38 Pikeman
20:18 Squires
20:20 Scale Mail Armor
21:42 Wheelbarrow
21:47 Horse Collar
24:04 Bow Saw
24:20 Chain Mail Armor
28:18 Heavy Plow
30:53 Iron Casting
33:50 Scale Barding Armor
37:49 Imperial Age
37:20 Chain Barding Armor
40:16 Plate Mail Armor
40:47 Blast Furnace
39:10 Long Swordsman
39:11 Halberdier
40:37 Detinets
40:57 Fletching
43:06 Two-Man Saw
42:37 Crop Rotation
41:59 Gold Mining
lokijasai
10:09 Feudal Age
12:50 Castle Age
11:12 Double-Bit Axe
11:38 Horse Collar
15:31 Wheelbarrow
21:20 Hand Cart
21:21 Heavy Plow
21:53 Bow Saw
24:32 Gold Mining
24:41 Loom
29:54 Imperial Age
27:50 Stone Mining
28:38 Gold Shaft Mining
30:49 Tusk Swords
31:10 Conscription
30:58 Scale Barding Armor
31:03 Forging
30:53 Elite Battle Elephant
31:34 Husbandry
31:44 Bloodlines
32:03 Chain Barding Armor
33:12 Iron Casting
35:43 Plate Barding Armor
36:08 Blast Furnace
40:59 Caravan
41:40 Fletching
Seven777
10:33 Feudal Age
10:04 Loom
11:31 Double-Bit Axe
14:51 Horse Collar
17:40 Castle Age
17:42 Wheelbarrow
18:41 Bow Saw
18:28 Gold Mining
22:59 Bloodlines
22:50 Husbandry
24:20 Szlachta Privileges
26:35 Forging
28:06 Scale Barding Armor
28:37 Iron Casting
35:47 Chain Barding Armor
38:08 Imperial Age
36:51 Heavy Plow
38:16 Hand Cart
38:13 Town Watch
38:02 Light Cavalry
38:11 Cavalier
39:13 Conscription
39:55 Blast Furnace
38:46 Light Cavalry
39:56 Lechitic Legacy
AiM | DARK ENIGMA
6:50 Loom
9:36 Feudal Age
21:57 Castle Age
20:21 Horse Collar
32:42 Fortified Wall
33:39 Fletching
34:25 Bodkin Arrow
AiM | CyclopsTron
8:28 Feudal Age
9:07 Double-Bit Axe
9:46 Horse Collar
10:24 Town Watch
11:22 Loom
19:37 Castle Age
18:17 Gold Mining
19:32 Wheelbarrow
19:27 Scale Barding Armor
20:27 Bloodlines
21:03 Chain Barding Armor
20:38 Town Watch
22:33 Forging
26:03 Heavy Plow
28:57 Iron Casting
29:19 Hand Cart
34:02 Imperial Age
33:13 Gold Shaft Mining
32:28 Stone Mining
35:20 Plate Barding Armor
34:10 Onager
34:41 Cavalier
36:46 Pikeman
37:26 Squires
38:44 Chemistry
37:58 Scale Mail Armor
37:36 Light Cavalry
38:09 Halberdier
39:42 Chain Mail Armor
AiM | Facu1414
10:47 Feudal Age
14:30 Castle Age
12:33 Double-Bit Axe
13:20 Horse Collar
15:53 Scale Barding Armor
20:48 Loom
21:38 Wheelbarrow
22:31 Bow Saw
22:42 Heavy Plow
24:00 Chain Barding Armor
24:09 Bloodlines
25:01 Hand Cart
25:19 Gold Mining
26:45 Gold Shaft Mining
26:31 Husbandry
26:55 Stone Mining
27:20 Town Watch
27:50 Forging
31:21 Imperial Age
29:07 Scale Mail Armor
29:11 Squires
28:56 Arson
30:22 Stone Shaft Mining
30:17 Chain Mail Armor
30:37 Iron Casting
30:58 Iron Casting
32:26 Conscription
32:43 Plate Barding Armor
33:27 Blast Furnace
32:42 Grand Trunk Road
32:08 Heavy Camel Rider
35:22 Chemistry
33:59 Imperial Camel Rider
35:40 Sanctity
35:21 Devotion
37:50 Coinage
40:05 Siege Engineers
40:11 Masonry
41:42 Murder Holes
41:38 Fletching
AiM | Shuffle
10:27 Feudal Age
14:27 Castle Age
14:07 Double-Bit Axe
15:21 Horse Collar
16:38 Bow Saw
20:58 Fletching
22:23 Wheelbarrow
23:43 Gold Mining
27:18 Loom
29:52 Bodkin Arrow
30:23 Heavy Plow
30:11 Town Watch
32:00 Padded Archer Armor
35:31 Imperial Age
33:30 Husbandry
33:40 Bloodlines
34:47 Hand Cart
34:34 Stone Mining
35:54 Ballistics
36:35 Thumb Ring
36:58 Parthian Tactics
37:35 Chemistry
37:18 Bracer
38:16 Leather Archer Armor
37:56 Elite Mangudai
39:12 Masonry
38:51 Capped Ram
39:40 Scale Barding Armor
40:00 Onager
41:27 Drill
41:19 Siege Ram
Connection lost

Rejoining the realm…

Still unreachable

The connection could not be restored.

Session expired

The server has moved on; the page needs a fresh start.